 Dungeon Crawl Stone Soup version 0.23-a0-756-g517b432 (console) character file.

203 Voker57 the Slasher (level 5, -4/41 HPs)
             Began as a Demonspawn Gladiator on Jan 18, 2019.
             Was a Follower of Nemelex Xobeh.
             Killed by nerve-wracking pain
             ... invoked by Grinder
              (10 damage)
             ... on level 3 of the Dungeon.
             The game lasted 00:05:00 (2372 turns).

Voker57 the Slasher (Demonspawn Gladiator)          Turns: 2372, Time: 00:05:01

Health: -4/41      AC:  4    Str: 14    XL:     5   Next: 51%
Magic:  6/6        EV: 14    Int:  9    God:    Nemelex Xobeh [*.....]
Gold:   106        SH:  4    Dex: 16    Spells: 4/4 levels left

rFire    . . .     SeeInvis .   a - +1 long sword
rCold    . . .     Gourm    .   (no shield)
rNeg     . . .     Faith    .   b - +0 leather armour
rPois    .         Spirit   .   c - +0 helmet
rElec    .         Reflect  .   (no cloak)
rCorr    .         Harm     .   (no gloves)
MR       .....                  (no boots)
Stlth    +.........             (no amulet)
HPRegen  0.13/turn              (no ring)
MPRegen  0.10/turn              (no ring)

@: very slightly contaminated, invisible
A: talons 1, large bone plates 1
a: Draw Escape, Draw Destruction, Draw Summoning, Renounce Religion


You were on level 3 of the Dungeon.
You worshipped Nemelex Xobeh.
Nemelex Xobeh was aware of your devotion.
You were not hungry.

You visited 1 branch of the dungeon, and saw 3 of its levels.

You collected 106 gold pieces.

Inventory:

Hand Weapons
 a - a +1 long sword (weapon)
 e - a +1 hand axe of flaming
Missiles
 d - 3 throwing nets (quivered)
 w - 2 poisoned tomahawks
Armour
 b - a +0 leather armour (worn)
 c - a +0 helmet (worn)
Jewellery
 h - an uncursed amulet of harm
 s - a +4 ring of protection {unknown}
Scrolls
 j - 4 scrolls of remove curse
 k - a scroll of fear
 m - a scroll of identify
Potions
 i - a potion of cancellation {unknown}
 l - a potion of brilliance {unknown}
 r - a potion of curing {unknown}
 t - a potion of degeneration {unknown}
Comestibles
 f - 3 rations


   Skills:
 + Level 3.5 Fighting
 + Level 3.9 Long Blades
 - Level 1.7 Throwing
 + Level 3.8 Dodging
 + Level 1.7 Invocations


You had 4 spell levels left.
You didn't know any spells.
Your spell library was empty.

Dungeon Overview and Level Annotations

Branches:
Dungeon (3/15)

Altars:
Elyvilon
Nemelex Xobeh
Yredelemnul
The Shining One

Annotations:
D:3 Grinder


Innate Abilities, Weirdness & Mutations

You have sharp toenails.
You are partially covered in large bone plates. (SH +4)


Message History

No target in view!
No target in view!
You hit something but do no damage. You claw something.
Something hits you but does no damage.
You hit something. Something hits you.
You writhe in agony.
Pain shoots through your body!
You slash something! Your kick misses something.
Something tries to affect you, but you resist.
You feel much better. Something hits you!
You fade into invisibility!
You are very lightly contaminated with residual magic.
You suddenly lose the ability to move!
Pain shoots through your body! Pain shoots through your body!
* * * LOW HITPOINT WARNING * * *
Something hits you but does no damage. x2
You can move again.
Pain shoots through your body!
You die...
Your body disappears without a glow.

#.# #.# +)+ #)#
####.##+#.#
..........#
###.##'#.#
#.#..#.#
+.'..#.#
#.####.####{###
#.............#
#############@#
........#
#########


There were no monsters in sight!

Vanquished Creatures
  A howler monkey (D:3)
  7 gnolls
  2 adders
  A worm (D:3)
  4 leopard geckos
  4 orcs (D:3)
  2 giant cockroaches
  2 gnoll zombies (D:2)
  7 goblins
  12 hobgoblins
  2 jackals (D:1)
  9 kobolds
  2 ball pythons
  11 bats
  4 frilled lizards
  6 rats
76 creatures vanquished.

Notes
Turn   | Place    | Note
-------+----------+-------------------------------------------
     0 | D:1      | Voker57 the Demonspawn Gladiator began the quest for the
                  | Orb.
     0 | D:1      | Reached XP level 1. HP: 16/16 MP: 1/1
    71 | D:1      | Gained mutation: You have sharp toenails. [demonic
                  | ancestry]
    71 | D:1      | Reached XP level 2. HP: 7/22 MP: 2/2
   619 | D:1      | Reached XP level 3. HP: 28/28 MP: 3/3
  1147 | D:2      | Found a basalt altar of Yredelemnul.
  1458 | D:1      | Gained mutation: You are partially covered in large bone
                  | plates. (SH +4) [demonic ancestry]
  1458 | D:1      | Reached XP level 4. HP: 16/34 MP: 4/4
  1773 | D:3      | Found a faded altar of an unknown god.
  1781 | D:3      | Became a worshipper of Nemelex Xobeh the Trickster
  1781 | D:3      | Received a gift from Nemelex Xobeh
  1781 | D:3      | Reached * piety under Nemelex Xobeh
  1812 | D:3      | Found a glowing golden altar of the Shining One.
  1820 | D:3      | Reached XP level 5. HP: 24/41 MP: 5/5
  1822 | D:3      | Reached skill level 1 in Invocations
  2246 | D:3      | Found a white marble altar of Elyvilon.
  2350 | D:3      | Noticed Grinder
  2365 | D:3      | Paralysed by something for 7 turns
  2372 | D:3      | Killed from afar by Grinder

Vault maps used:
D:1:      dpeg_arrival_simpleton_b, minmay_misc_feat_pillars
D:2:      lemuel_zombie_altar_yredelemnul, st_stairs_4
D:3:      minmay_door_path, elyvilon_altar_5,
          chequers_ecumenical_altar_simple_redux, minivault_4, tso_metal_star,
          uniq_grinder

Skill      XL: |  1  2  3  4  5 |
---------------+----------------+-----
Long Blades    | 3 |  3.9
Dodging        | 3 |  3.8
Fighting       | 3 |  3.5
Invocations    | 1 |  1.7
Throwing       | |  1.7

Action                   |  1- 3 |  4- 6 || total
-------------------------+-------+-------++-------
Melee: Long sword        |   101 |    62 ||   163
       Hand axe          |     3 |       ||     3
       Kick              |    23 |    23 ||    46
 Abil: Draw Destruction  |       |     1 ||     1
  Use: Scroll            |     2 |     8 ||    10
       Potion            |       |     3 ||     3
 Stab: Sleeping          |     2 |       ||     2
  Eat: Chunk             |     1 |     4 ||     5
Armor: Leather armour    |    26 |    11 ||    37
Dodge: Dodged            |    88 |    44 ||   132
Block: Other             |       |    12 ||    12
       Rpst.: Long sword |    25 |    17 ||    42

Table legend:
 A = Non-vault XP
 B = Vault XP
 C = Vault XP percentage of total XP
 D = Non-vault monster count
 E = Vault monster count
 F = Vault count percentage of total count
                 A         B        C        D         E       F
            +---------+---------+-------+---------+---------+-------
      Total |     270 |      20 |   6.9 |      71 |       5 |   6.6
            +---------+---------+-------+---------+---------+-------
        D:1 |      63 |       0 |   0.0 |      32 |       0 |   0.0
        D:2 |      69 |      20 |  22.5 |      19 |       5 |  20.8
        D:3 |     138 |       0 |   0.0 |      20 |       0 |   0.0
            +---------+---------+-------+---------+---------+-------
